 Dungeon Crawl Stone Soup version 0.28-a0-533-g9f97627e2a (webtiles) character file.

Game seed: 16513324473606510639

196 Drevant2 the Magician (level 5, -1/38 HPs)
             Began as a Demonspawn Wanderer on Sept 25, 2021.
             Slain by an iguana (12 damage)
             ... on level 3 of the Dungeon.
             The game lasted 00:11:43 (4933 turns).

Drevant2 the Magician (Demonspawn Wanderer)         Turns: 4933, Time: 00:11:43

Health: -1/38      AC:  5    Str: 13    XL:     5   Next: 45%
Magic:  9/9        EV: 10    Int: 11    God:
Gold:   73         SH:  0    Dex: 15    Spells: 5/10 levels left

rFire   . . .      SeeInvis .   f - +0 falchion
rCold   . . .      Faith    .   (no shield)
rNeg    . . .      Spirit   .   g - +0 ring mail
rPois   .          Reflect  .   (no helmet)
rElec   .          Harm     .   (no cloak)
rCorr   .          Rampage  .   (no gloves)
Will    .....                   (no boots)
Stlth   +.........              (no amulet)
HPRegen 0.12/turn               (no ring)
MPRegen 0.11/turn               (no ring)

@: no status effects
A: claws 2, foul stench 1, powered by pain 1
a: no special abilities


You were on level 3 of the Dungeon.
You visited 1 branch of the dungeon, and saw 3 of its levels.

You collected 73 gold pieces.

Inventory:

Hand Weapons
 a - a +0 club
 f - a +0 falchion (weapon)
 k - a +0 triple crossbow
Armour
 b - a +0 robe
 g - a +0 ring mail (worn)
 i - a +0 pair of gloves
Wands
 j - a wand of digging (5)
Scrolls
 d - a scroll of identify
 e - 2 scrolls of amnesia {unknown}
 h - a scroll of noise {unknown}
 l - a scroll of enchant weapon {unknown}
Potions
 m - a potion of attraction


   Skills:
 - Level 2.0 Fighting
 + Level 2.3 Long Blades
 + Level 2.7 Armour
 - Level 1.0 Shields
 - Level 3.0 Spellcasting
 - Level 2.0 Conjurations
 * Level 2.1 Hexes
 - Level 1.0 Ice Magic
 - Level 1.0 Evocations


You had 5 spell levels left.
You knew the following spells:

 Your Spells              Type           Power      Damage    Failure   Level
a - Magic Dart            Conj           24%        1d4       24%         1
b - Slow                  Hex            6%         N/A       34%         2
c - Ensorcelled Hibernat  Hex/Ice        10%        N/A       41%         2

Your spell library contained the following spells:

 Spells                   Type           Power      Damage    Failure   Level
 Animate Skeleton         Necr           2%         N/A       47%         1
 Apportation              Tloc           2%         N/A       47%         1
 Summon Small Mammal      Summ           4%         N/A       47%         1
 Blink                    Tloc           N/A        N/A       63%         2
 Call Imp                 Summ           1%         N/A       63%         2
 Conjure Flame            Conj/Fire      3%         6-21      71%         3
 Mephitic Cloud           Conj/Pois/Air  3%         N/A       77%         3


Dungeon Overview and Level Annotations

Branches:
Dungeon (3/15)

Altars:

Annotations:
D:2 Sigmund


Innate Abilities, Weirdness & Mutations

You have very sharp fingernails.
You may rarely emit foul miasma when damaged in melee.
You sometimes gain a little power by taking damage.


Message History

* * * LOW HITPOINT WARNING * * *
You hit the orc priest.
You kill the orc priest!
Your Hexes skill increases to level 2!
You start resting.
An iguana is nearby!
The iguana hisses angrily.
You see here a rat skeleton.
As you read the scroll labelled KENOESYNUN, it crumbles to dust.
It is a scroll of identify.
m - a potion of attraction An iguana is nearby!
As you read the scroll of teleportation, it crumbles to dust.
You feel strangely unstable.
Your surroundings suddenly seem different.
You see here a +0 mace.
Items here: )) [[.
You see here a +0 flail.
There is a stone staircase leading up, spattered with blood here.
You start resting.
HP restored.
You see here a +0 flail.
Items here: )) [[.
The iguana bites you but does no damage.
You hit the iguana but do no damage. The iguana bites you!
You hit the iguana but do no damage. The iguana closely misses you.
The iguana bites you!
You are too injured to fight recklessly!
You are too injured to fight recklessly!
You are too injured to fight recklessly!
You see here a +0 mace.
Items here: )) [[.
There is an escape hatch in the ceiling here.
You hit the iguana but do no damage. The iguana bites you!
* * * LOW HITPOINT WARNING * * *
Really quaff the potion of attraction?
Okay, then.
The iguana barely misses you. The iguana bites you!
You die...

.........#...##.#######
.........######.#
......#########.#
..............#.#
####..........#)#
..............#<#
............[.#)#####
....#####....)[..l<.#
....# #.......@...#
....# #...........#
....# #...........#
##### #############


You could see an iguana.

Vanquished Creatures
  A centaur skeleton (D:3)
  An orc priest (D:3)
  An orc wizard (D:3)
  5 adders
  9 orcs
  2 ball pythons (D:3)
  5 bats
  10 endoplasms
  4 goblins
  3 hobgoblins (D:1)
  3 jackals
  2 kobolds (D:2)
  A quokka (D:2)
  7 frilled lizards
  4 rats
58 creatures vanquished.

Notes
Turn   | Place    | Note
-------+----------+-------------------------------------------
     0 | D:1      | Drevant2 the Demonspawn Wanderer began the quest for the
                  | Orb.
     0 | D:1      | Drevant2 set off with the following items: a +0 club, a +0
                  | robe, a scroll of teleportation; and the following spell
                  | memorised: Magic Dart; and the following spells available
                  | to memorise: Ensorcelled Hibernation, Blink, Call Imp,
                  | Slow, Conjure Flame, Mephitic Cloud
     0 | D:1      | Reached XP level 1. HP: 15/15 MP: 3/3
  1062 | D:1      | Gained mutation: You may rarely emit foul miasma when
                  | damaged in melee. [demonic ancestry]
  1062 | D:1      | Reached XP level 2. HP: 20/21 MP: 5/5
  1671 | D:2      | Noticed Sigmund
  2066 | D:2      | Gained mutation: You have sharp fingernails. [demonic
                  | ancestry]
  2066 | D:2      | Reached XP level 3. HP: 20/27 MP: 7/7
  2246 | D:1      | Reached skill level 1 in Long Blades
  2736 | D:2      | Reached skill level 3 in Spellcasting
  3347 | D:2      | Gained mutation: You have very sharp fingernails. [demonic
                  | ancestry]
  3347 | D:2      | Reached XP level 4. HP: 33/33 MP: 8/8
  3738 | D:3      | Learned a level 2 spell: Slow
  4088 | D:2      | Found a faded altar of an unknown god.
  4372 | D:3      | Reached skill level 1 in Hexes
  4372 | D:3      | Gained mutation: You sometimes gain a little power by
                  | taking damage. [demonic ancestry]
  4372 | D:3      | Reached XP level 5. HP: 22/38 MP: 9/9
  4595 | D:3      | Learned a level 2 spell: Ensorcelled Hibernation
  4933 | D:3      | Slain by an iguana

Illustrated notes

Levels and vault maps discovered:
D:1:      tarquinn_simple_flora_water_f, layout_basic, minmay_misc_feat_room
D:2:      layout_basic, hellmonk_ecumenical_altar_prayer_group,
          minmay_misc_feat_enclosed, minmay_lizard_pond, uniq_sigmund
D:3:      layout_basic, uniq_crazy_yiuf_cottage

Skill      XL: |  1  2  3  4  5 |
---------------+----------------+-----
Fighting       | 2 |  2.0
Long Blades    | 1 2 |  2.3
Spellcasting   | 3 |  3.0
Armour         | 2 |  2.7
Hexes          | 1 2 |  2.1
Shields        | |  1.0
Conjurations   | |  2.0
Ice Magic      | |  1.0
Evocations     | |  1.0

Action                   |  1- 3 |  4- 6 || total
-------------------------+-------+-------++-------
Melee: Falchion          |   121 |   100 ||   221
       Club              |    11 |       ||    11
 Cast: Magic Dart        |     1 |       ||     1
  Use: Potion            |     2 |       ||     2
       Scroll            |     1 |     2 ||     3
Armor: Robe              |     4 |       ||     4
       Ring mail         |    73 |    34 ||   107
Dodge: Dodged            |    95 |    54 ||   149

Table legend: (Time is in decaauts)
 A = Elapsed time spent in this place.
 B = Non-inter-level travel time spent in this place.
 C = Inter-level travel time spent in this place.
 D = Time resting spent in this place.
 E = Time spent auto-exploring this place.
 F = Levels seen in this place.
 G = Mean time per level.
                   A        B        C        D        E       F      G
               +--------+--------+--------+--------+--------+-----+--------+
         Total |   5014 |   4249 |    765 |   2408 |    885 |   3 | 1671.3 |
       Dungeon |   5014 |   4249 |    765 |   2408 |    885 |   3 | 1671.3 |
               +--------+--------+--------+--------+--------+-----+--------+

Top non-repeatable levels by time:
     D:1: 2269 daAuts
     D:2: 1502 daAuts
     D:3: 1242 daAuts
